 Dungeon Crawl Stone Soup version 0.19.0-16-g73b5abf (webtiles) character file.

98 Leibowitz the Poker (level 4, -2/34 HPs)
             Began as a Merfolk Gladiator on Nov 10, 2016.
             Slain by a hobgoblin (5 damage)
             ... led by Robin
             ... on level 3 of the Dungeon.
             The game lasted 00:04:51 (2071 turns).

Leibowitz the Poker (Merfolk Gladiator)             Turns: 2071, Time: 00:04:52

Health: -2/34      AC:  4    Str: 15    XL:     4   Next: 69%
Magic:  4/4        EV: 15    Int:  7    God:
Gold:   59         SH:  0    Dex: 15    Spells: 0 memorised, 3 levels left

rFire  . . .     SeeInvis .     n - -3 trident (curse)
rCold  . . .     Gourm    .     b - +0 leather armour
rNeg   . . .     Faith    .     (no shield)
rPois  .         Spirit   .     c - +0 helmet
rElec  .         Reflect  .     (no cloak)
rCorr  .         Harm     .     (no gloves)
MR     .....                    (no boots)
Stlth  +.........               (no amulet)
                                (no ring)
                                (no ring)

@: no status effects
A: change form in water, swift swim, stealthy swim
a: no special abilities


You were on level 3 of the Dungeon.
You were not hungry.

You visited 1 branch of the dungeon, and saw 3 of its levels.

You collected 59 gold pieces.

Inventory:

Hand Weapons
 a - a +0 trident
 l - a +0 blowgun
 n - a cursed -3 trident (weapon)
Missiles
 d - 3 throwing nets (quivered)
 g - 22 poisoned needles
Armour
 b - a +0 leather armour (worn)
 c - a +0 helmet (worn)
Scrolls
 j - a scroll of magic mapping {unknown}
Potions
 e - a potion of agility
 h - 3 potions of curing {unknown}
 m - a potion of degeneration {unknown}
Comestibles
 f - 2 bread rations
 i - a beef jerky


   Skills:
 + Level 2.5 Fighting
 + Level 5.9 Polearms
 + Level 2.2 Throwing
 + Level 0.8 Armour
 + Level 5.2 Dodging
 + Level 0.2 Stealth


You had 3 spell levels left.
You didn't know any spells.

Dungeon Overview and Level Annotations

Branches:
Dungeon (3/15)

Altars:
Dithmenos
Fedhas


Message History

You hit the hobgoblin but do no damage. The goblin misses you.
The hobgoblin hits you.
* * * LOW HITPOINT WARNING * * *
You hit the hobgoblin.
The hobgoblin is moderately wounded.
The goblin hits you but does no damage. The hobgoblin hits you.
* * * LOW HITPOINT WARNING * * *
You hit the hobgoblin.
The hobgoblin is almost dead.
The goblin misses you. The hobgoblin barely misses you.
You hit the hobgoblin but do no damage.
The hobgoblin is almost dead.
The goblin closely misses you. The hobgoblin barely misses you.
You barely miss the hobgoblin.
The hobgoblin is almost dead.
The goblin barely misses you. The hobgoblin closely misses you.
You hit the hobgoblin but do no damage.
The hobgoblin is almost dead.
The goblin hits you but does no damage. The hobgoblin hits you.
You die...

## .( .# .# .# ##
##########.###...
........@........
........gg.......
..##.#>.#)####.##
........).#
.........)####
.........)(†..#
........#(###.#
.....##$#(# ..
..... #.#.# .#


You could see a hobgoblin and a goblin.

Vanquished Creatures
  An orc wizard (D:1)
  Robin (D:3)
  2 worms (D:2)
  A dart slug (D:2)
  3 orcs (D:1)
  4 bats (D:1)
  2 giant cockroaches (D:2)
  6 goblins
  11 hobgoblins
  2 jackals (D:1)
  5 kobolds
  A quokka (D:2)
  2 frilled lizards (D:1)
  2 rats (D:1)
43 creatures vanquished.

Vanquished Creatures (others)
  4 toadstools (D:1)
4 creatures vanquished.

Grand Total: 47 creatures vanquished

Notes
Turn   | Place    | Note
-------+----------+-------------------------------------------
     0 | D:1      | Leibowitz the Merfolk Gladiator began the quest for the Orb.
     0 | D:1      | Reached XP level 1. HP: 16/16 MP: 1/1
   162 | D:1      | Reached XP level 2. HP: 15/22 MP: 2/2
   403 | D:1      | Reached skill level 5 in Polearms
   951 | D:1      | Reached XP level 3. HP: 23/27 MP: 3/3
  1348 | D:2      | Reached XP level 4. HP: 33/33 MP: 4/4
  1508 | D:2      | Reached skill level 5 in Dodging
  1555 | D:2      | Found a blossoming altar of Fedhas.
  1851 | D:2      | Found a shadowy altar of Dithmenos.
  2008 | D:3      | Noticed Robin
  2015 | D:3      | Killed Robin
  2071 | D:3      | Slain by a hobgoblin

Skill      XL: |  1  2  3  4 |
---------------+-------------+-----
Polearms       | 5 |  5.9
Dodging        | 5 |  5.2
Fighting       | |  2.5
Throwing       | |  2.2
Armour         | |  0.8
Stealth        | |  0.2

Action                   |  1- 3 |  4- 6 || total
-------------------------+-------+-------++-------
Melee: Trident           |   102 |   119 ||   221
  Use: Scroll            |       |     3 ||     3
 Stab: Sleeping          |     1 |     1 ||     2
  Eat: Chunk             |     1 |     3 ||     4
Armor: Leather armour    |    25 |    27 ||    52
Dodge: Dodged            |    98 |    90 ||   188
